 Dungeon Crawl Stone Soup version 0.28-a0-751-gef3a642a4e (webtiles) character file.

Game seed: 9858876931171474770

5 Gargoyl the Skirmisher (level 1, -1/23 HPs)
             Began as a Gnoll Abyssal Knight on Oct 30, 2021.
             Was a Follower of Lugonu.
             Slain by a flying skull (5 damage)
             ... on level 4 of the Abyss.
             The game lasted 00:00:47 (219 turns).

Gargoyl the Skirmisher (Gnoll Abyssal Knight)        Turns: 219, Time: 00:00:47

Health: -1/23      AC:  4    Str: 12    XL:     1   Next: 80%
Magic:  3/3        EV: 12    Int:  9    God:    Lugonu [*.....]
Gold:   62         SH:  0    Dex: 12    Spells: 0/0 levels left

rFire   . . .      SeeInvis .   a - +1 hand axe
rCold   . . .      Faith    .   (no shield)
rNeg    . . .      Spirit   .   b - +1 leather armour
rPois   .          Reflect  .   (no helmet)
rElec   .          Harm     .   (no cloak)
rCorr   .          Rampage  .   (no gloves)
Will    .....                   (no boots)
Stlth   +.........              (no amulet)
HPRegen 0.07/turn               (no ring)
MPRegen 0.08/turn               (no ring)

@: no status effects
A: fangs 1, strong nose, distributed training
a: Renounce Religion, Depart the Abyss


You were on level 4 of the Abyss.
You worshipped Lugonu.
Lugonu was aware of your devotion.
You visited 0 branches of the dungeon, and saw 0 of its levels.
You visited the Abyss 1 time.

You collected 62 gold pieces.

Inventory:

Hand Weapons
 a - a +1 hand axe (weapon)
Armour
 b - a +1 leather armour (worn)


   Skills:
 + Level 6.4 Fighting
 + Level 0.1 Short Blades
 + Level 0.1 Long Blades
 + Level 4.4 Axes
 + Level 0.1 Maces & Flails
 + Level 0.1 Polearms
 + Level 0.1 Staves
 + Level 0.1 Slings
 + Level 0.1 Bows
 + Level 0.1 Crossbows
 + Level 0.1 Throwing
 + Level 4.4 Armour
 + Level 2.4 Dodging
 + Level 0.1 Stealth
 + Level 0.1 Shields
 + Level 0.1 Unarmed Combat
 + Level 0.1 Spellcasting
 + Level 0.1 Conjurations
 + Level 0.1 Hexes
 + Level 0.1 Summonings
 + Level 0.1 Necromancy
 + Level 0.1 Translocations
 + Level 0.1 Transmutations
 + Level 0.1 Fire Magic
 + Level 0.1 Ice Magic
 + Level 0.1 Air Magic
 + Level 0.1 Earth Magic
 + Level 0.1 Poison Magic
 + Level 4.4 Invocations
 + Level 0.1 Evocations


You couldn't memorise any spells.
You didn't know any spells.
Your spell library was empty.

Dungeon Overview and Level Annotations

Branches:
Dungeon (0/15)

Altars:


Innate Abilities, Weirdness & Mutations

You have very sharp teeth.
Your uncanny sense of smell can sniff out nearby items.
Your experience applies equally to all skills.


Message History

You don't have any unidentified items.
The ufetubus hits you. The ufetubus closely misses you.
You miss the ufetubus. You bite the ufetubus.
The ufetubus is lightly wounded.
The ufetubus hits you. The ufetubus barely misses you.
The ufetubus hits you but does no damage.
The ufetubus misses you.
You hit the ufetubus.
The ufetubus is almost dead.
The ufetubus barely misses you.
The ufetubus hits you but does no damage.
The ufetubus hits you. The ufetubus barely misses you.
You barely miss the ufetubus.
The ufetubus is almost dead.
The ufetubus barely misses you.
The ufetubus hits you but does no damage.
You hit the ufetubus.
You kill the ufetubus!
A quasit comes into view.
You see here 20 bolts.
Found 6 gold pieces.
The quasit gives a chilling moan.
The quasit bites you. The quasit closely misses you.
The quasit completely misses you. 2 flying skulls and a zombie come into view.
The flying skull gives a hideous shriek!
You hear a hideous shriek!
The quasit bites you.
The quasit claws you but does no damage. x2
The quasit closely misses you. The quasit barely misses you.
The quasit claws you but does no damage.
The quasit misses you. The quasit barely misses you.
The quasit claws you but does no damage.
A flying skull comes into view. x2
The flying skull gives a hideous shriek!
You hear a hideous shriek!
The flying skull hits you.
* * * LOW HITPOINT WARNING * * *
Found 12 gold pieces.
The flying skull hits you.
You die...

. ....#.........
.. ## .
..........#..####.
#.......Z.###....
..#.....##....# .
#.#z#Z#.#..#.#
##..z#...# $.#
#.#.5.#...# #
$.#.###z.#.#...#
#......@....##..
##..#..###....##
.#.... ##.#..
#...#. # ..#.#.. ∆
# ## ##


You could see 3 flying skulls and a quasit.

Vanquished Creatures
  An ufetubus (Abyss:4)
1 creature vanquished.

Notes
Turn   | Place    | Note
-------+----------+-------------------------------------------
     0 | Abyss:1  | Gargoyl the Gnoll Abyssal Knight began the quest for the
                  | Orb.
     0 | Abyss:1  | Reached XP level 1. HP: 23/23 MP: 3/3
    38 | Abyss:1  | Found a corrupted altar of Lugonu.
    50 | Abyss:1  | Noticed a large abomination
   104 | Abyss:2  | Noticed a thrashing horror
   108 | Abyss:3  | Found a corrupted altar of Lugonu.
   121 | Abyss:4  | Found a corrupted altar of Lugonu.
   162 | Abyss:4  | Noticed a titan zombie
   207 | Abyss:4  | Noticed a quasit
   211 | Abyss:4  | Noticed a flying skull
   211 | Abyss:4  | Noticed a flying skull
   211 | Abyss:4  | Noticed a titan zombie
   214 | Abyss:4  | Noticed a flying skull
   214 | Abyss:4  | Noticed a flying skull
   219 | Abyss:4  | Slain by a flying skull

Illustrated notes

Levels and vault maps discovered:
Abyss:4:  base: Temple, doesnt_abyss_rune_brain_food

Action                   || total
-------------------------++-------
Melee: Hand axe          ||     4
       Bite              ||     1
  Use: Scroll            ||     3
       Potion            ||     1
Armor: Leather armour    ||     8
Dodge: Dodged            ||    16

Table legend: (Time is in decaauts)
 A = Elapsed time spent in this place.
 B = Non-inter-level travel time spent in this place.
 C = Inter-level travel time spent in this place.
 D = Time resting spent in this place.
 E = Time spent auto-exploring this place.
 F = Levels seen in this place.
 G = Mean time per level.
                   A        B        C        D        E       F      G
               +--------+--------+--------+--------+--------+-----+--------+
         Total |    206 |    206 |      0 |      0 |     84 |   4 |   51.5 |
         Abyss |    206 |    206 |      0 |      0 |     84 |   4 |   51.5 |
               +--------+--------+--------+--------+--------+-----+--------+

Top non-repeatable levels by time:
 Abyss:4: 96 daAuts
 Abyss:1: 52 daAuts
 Abyss:2: 49 daAuts
 Abyss:3: 9 daAuts
